 Seeded DCSS version 0.32-a0-473-gd044c6f0f0 (webtiles) character file.

Game seed: 3342665431591073458 (custom seed)

156 CougarLife the Digger (level 5, -6/28 HPs)
             Began as a Gargoyle Earth Elementalist on Feb 25, 2024.
             Was a Follower of Vehumet.
             Killed by divine providence
             ... invoked by an orc priest
              (10 damage)
             ... on level 3 of the Dungeon.
             The game lasted 00:04:24 (2797 turns).

CougarLife the Digger (Gargoyle Earth Elementalist) Turns: 2797, Time: 00:04:24

Health: -6/28      AC:  7    Str: 12    XL:     5   Next: 37%
Magic:  0/9        EV: 11    Int: 17    God:    Vehumet [*.....]
Gold:   82         SH:  0    Dex: 10    Spells: 9/10 levels left

rFire   . . .        l - +2 mace (holy)
rCold   . . .        (no shield)
rNeg    + . .        a - +0 robe
rPois   ∞            d - +0 helmet
rElec   +            (no cloak)
rCorr   +            (no gloves)
SInv    .            (no boots)
Will    .....        n - amulet of regeneration
Stlth   ++           i - ring of resist corrosion
HPRegen 1.04/turn    (no ring)
MPRegen 0.11/turn

%: no passive effects
@: no status effects
A: sickness immunity, AC +4, negative energy resistance 1, electricity
resistance, torment resistance 1, petrification resistance
a: Renounce Religion


You were on level 3 of the Dungeon.
You worshipped Vehumet.
Vehumet was aware of your devotion.
You visited 1 branch of the dungeon, and saw 3 of its levels.

You collected 82 gold pieces.

Inventory:

Hand Weapons
 l - a +2 mace of holy wrath (weapon)
Armour
 a - a +0 robe (worn)
 d - a +0 helmet (worn)
 o - +0 swamp dragon scales
Jewellery
 i - a ring of resist corrosion (left hand)
 m - a ring of positive energy
 n - an amulet of regeneration (around neck)
Scrolls
 c - 3 scrolls of teleportation {unknown}
 f - a scroll of brand weapon {unknown}
 h - a scroll of amnesia {unknown}
 k - 5 scrolls of identify {unknown}
Potions
 b - a potion of magic
 e - a potion of heal wounds {unknown}
 g - a potion of might {unknown}
 j - 2 potions of lignification {unknown}


   Skills:
 - Level 1.5 Dodging
 - Level 2.1 Stealth
 + Level 3.2 Spellcasting
 + Level 3.2 Conjurations
 + Level 5.0 Earth Magic


You had 9 spell levels left.
You knew the following spells:

 Your Spells              Type           Power      Damage    Failure   Level
a - Sandblast             Erth           40%        2d10      2%          1

Your spell library contained the following spells:

 Spells                   Type           Power      Damage    Failure   Level
 Kiss of Death            Conj/Necr      32%        2d7       9%          1
 Passwall                 Erth           20%        N/A       6%          3
 Shock                    Conj/Air       32%        1d5       9%          1
 Sting                    Conj/Alch      32%        1d5       9%          1
 Stone Arrow              Conj/Erth      32%        3d9       10%         3
 Apportation              Tloc           4%         N/A       17%         1
 Necrotise                Necr           8%         1d4       17%         1
 Summon Small Mammal      Summ           8%         N/A       17%         1
 Brom's Barrelling Bould  Conj/Erth      16%        2d4       30%         4
 Swiftness                Air            2%         N/A       45%         3
 Petrify                  Alch/Erth      11%        N/A       52%         4
 Airstrike                Air            1%         2d(1-17)  86%         4
 Ignite Poison            Fire/Alch      2%         N/A       86%         4
 Freezing Cloud           Conj/Ice/Air   3%         6-21      97%         5
 Cigotuvi's Dreadful Rot  Necr/Alch/Air  Unusable   N/A       N/A         2

Dungeon Overview and Level Annotations

Branches:
Dungeon (3/15)

Altars:
Vehumet

Annotations:
D:2 1 runed translucent door, Crazy Yiuf
D:3 3 runed translucent doors, Tollund's ghost, amateur DsAl


Innate Abilities, Weirdness & Mutations

You are immune to sickness and miasma.
Your stone body is resilient. (AC +4)
You are immune to poison.
You resist negative energy. (rN+)
You are resistant to electric shocks. (rElec)
You are resistant to unholy torment.
You are immune to petrification.


Message History

Casting: Sandblast (safe; 2% risk of failure)
Confirm with . or Enter, or press ? or * to list all spells.
Aiming: Sandblast (safe; 2% risk of failure)
Press: ? - help, Shift-Dir - straight line, f/p - orc priest
Aim: an orc priest, wielding a +2 flail of protection and wearing a +0 ring mail (heavily wounded, 85% to hit)
The blast of sand hits the orc priest but does no damage.
The orc priest is heavily wounded.
The orc priest barely misses you.
The orc priest hits you with a +2 flail of protection.
Casting: Sandblast (safe; 2% risk of failure)
Confirm with . or Enter, or press ? or * to list all spells.
Aiming: Sandblast (safe; 2% risk of failure)
Press: ? - help, Shift-Dir - straight line, f/p - orc priest
Aim: an orc priest, wielding a +2 flail of protection and wearing a +0 ring mail (heavily wounded, 85% to hit)
The blast of sand hits the orc priest.
The orc priest is severely wounded.
The orc priest closely misses you.
Casting: Sandblast (safe; 2% risk of failure)
Confirm with . or Enter, or press ? or * to list all spells.
Aiming: Sandblast (safe; 2% risk of failure)
Press: ? - help, Shift-Dir - straight line, f/p - orc priest
Aim: an orc priest, wielding a +2 flail of protection and wearing a +0 ring mail (severely wounded, 85% to hit)
The blast of sand hits the orc priest but does no damage.
The orc priest is severely wounded.
The orc priest calls down the wrath of Beogh upon you.
Beogh smites you!
The orc priest calls down the wrath of Beogh upon you.
Beogh smites you!
Casting: Sandblast (safe; 2% risk of failure)
Confirm with . or Enter, or press ? or * to list all spells.
Aiming: Sandblast (safe; 2% risk of failure)
Press: ? - help, Shift-Dir - straight line, f/p - orc priest
Aim: an orc priest, wielding a +2 flail of protection and wearing a +0 ring mail (severely wounded, 85% to hit)
The blast of sand hits the orc priest.
The orc priest is severely wounded.
The orc priest hits you with a +2 flail of protection!
* * * LOW HITPOINT WARNING * * *
The orc priest invokes the aid of Beogh against you.
Beogh smites you!
You die...

...# ###.+K###.. #........###
...# #...+KW...%##.......## #
...#### #)#.+K###.$#.....#+#####
......####.#.#K....##.....+......
...##...##.#.##.ßP##......#.#####
...####.......######......#.#
#### #####.................#
#....######.[.....##### #....<@.#
####.........
#.#...#.####........... #########
#.#.###o#....###....... #....[..#
#......o..#### #)...... ........#
######.#.#######....... #÷......#
#..............+....... #.......#
#.####>.########..(.... #.......#
#.# ##.#########....... #.......#
#.# #.........##.......


You could see an orc priest and an orc.

Vanquished Creatures
  Natasha (twice) (D:2)
  Robin (D:2)
  2 adders (D:3)
  3 dart slugs
  An orc (D:3)
  10 ball pythons
  7 endoplasms
  4 giant cockroaches
  8 goblins
  6 hobgoblins
  4 jackals (D:1)
  2 kobolds (D:2)
  A quokka (D:1)
  7 bats
  2 frilled lizards
  10 rats
70 creatures vanquished.

Notes
Turn   | Place    | Note
-------+----------+-------------------------------------------
     0 | D:1      | CougarLife the Gargoyle Earth Elementalist began the quest
                  | for the Orb.
     0 | D:1      | Reached XP level 1. HP: 10/10 MP: 3/3
   121 | D:1      | Reached XP level 2. HP: 13/15 MP: 1/5
   433 | D:1      | Reached skill level 4 in Earth Magic
   720 | D:1      | Reached XP level 3. HP: 19/19 MP: 4/6
   984 | D:2      | Found a radiant altar of Vehumet.
  1019 | D:2      | Became a worshipper of Vehumet
  1345 | D:2      | Noticed Natasha
  1349 | D:2      | Killed Natasha
  1350 | D:2      | Reached XP level 4. HP: 17/24 MP: 4/8
  1627 | D:2      | Noticed Robin
  1664 | D:2      | Killed Robin
  1768 | D:2      | Found a runed translucent door.
  1769 | D:2      | Noticed Crazy Yiuf
  1793 | D:2      | Noticed Natasha
  1832 | D:2      | Killed Natasha
  2089 | D:3      | Reached XP level 5. HP: 28/28 MP: 6/9
  2223 | D:3      | Reached * piety under Vehumet
  2223 | D:3      | Offered knowledge of Kiss of Death by Vehumet.
  2363 | D:3      | Reached skill level 5 in Earth Magic
  2468 | D:3      | Found a runed translucent gate.
  2469 | D:3      | Found a runed translucent gate.
  2470 | D:3      | Noticed a kobold brigand
  2470 | D:3      | Found a runed translucent gate.
  2474 | D:3      | Noticed Tollund's ghost (amateur DsAl)
  2680 | D:3      | Found a faded altar of an unknown god.
  2797 | D:3      | Killed from afar by an orc priest

Illustrated notes

Levels and vault maps discovered:
D:1:      minmay_arrival_stair_chambers, layout_loops_cross
D:2:      layout_basic, basic_altar, chequers_serial_rivers_marsh, uniq_robin,
          uniq_natasha, uniq_crazy_yiuf_cottage
D:3:      layout_basic, gammafunk_ghost_nasty_kobolds,
          ebering_ecumenical_altar_webs, nrook_mini_vaults, minmay_fountain_box,
          minmay_cupped

Skill      XL: |  1  2  3  4  5 |
---------------+----------------+-----
Earth Magic    | 4 5 |  5.0
Conjurations   | 2 3 |  3.2
Spellcasting   | 3 |  3.2
Dodging        | |  1.5
Stealth        | |  2.1

Action                     |  1- 3 |  4- 6 || total
---------------------------+-------+-------++-------
  Melee: Mace              |     8 |    16 ||    24
         Unarmed           |     2 |       ||     2
   Cast: Sandblast         |    43 |    55 ||    98
 Armour: Robe              |    12 |    33 ||    45
  Dodge: Dodged            |    10 |    33 ||    43

Table legend: (Time is in decaauts)
 A = Elapsed time spent in this place.
 B = Non-inter-level travel time spent in this place.
 C = Inter-level travel time spent in this place.
 D = Time resting spent in this place.
 E = Time spent auto-exploring this place.
 F = Levels seen in this place.
 G = Mean time per level.
                   A        B        C        D        E       F      G
               +--------+--------+--------+--------+--------+-----+--------+
         Total |   2859 |   2828 |     31 |    102 |   2235 |   3 |  953.0 |
       Dungeon |   2859 |   2828 |     31 |    102 |   2235 |   3 |  953.0 |
               +--------+--------+--------+--------+--------+-----+--------+

Top non-repeatable levels by time:
     D:2: 1188 daAuts
     D:1: 939 daAuts
     D:3: 730 daAuts
